cohdb
Replays
Latest Replays
All Replays
Popular Replays
Top Player Replays
Match Explorer
How It Works
Community
CoH3 Stats
Reddit
Sign in to upload your games and track your stats! →
Sign in with Steam
Match 41961619
Unlisted
Match 41961619
Overview
Messages
Build Orders
End
Kradschützen Motorcycle Team
Selects Panzerjäger Kommand Battlegroup
Selects Mine Fields
Panzergrenadier Squad
250 Light Carrier
Panzergrenadier Squad
Panzergrenadier Squad
Construct Light Support Kompanie
Selects GrB 39 Grenade Launcher Requisition
Construct Mechanized Kompanie
8 Rad Armored Car
Panzerjäger Mechanized Group
2.5-tonne Medical Truck
Vehicle Survival Package
Selects Crew Shock Tactics
Veteran Squad Leaders
Combat Half-tracks
Marder III Tank Destroyer
Construct Panzerarmee Kommand
Emergency Repair Kits
Selects Anti-tank Overwatch
Panzergrenadier Squad
Armored Reserves
Panzer IV Assault Group
Rapid Advance
Selects Defensive Positions
Selects Butterfly Bomb Drop
Anti-tank Overwatch
Advanced Optics
Butterfly Bomb Drop
Makros
Nostalgi@
0
0
Comments
sign in to comment!
No comments posted yet!